[Event "Early-Titled-Tuesday-Blitz-May-14-2024"]
[Site "Chess.com"]
[Date "2024.05.14"]
[Round "2"]
[White "DonJuanEGenaro"]
[Black "stasOR4ik"]
[Result "0-1"]
[WhiteElo "2008"]
[BlackElo "2455"]
[TimeControl "180+1"]
[EndTime "8:18:14 PDT"]
[Termination "stasOR4ik won on time"]

1. d4 e6 2. Nf3 d5 3. e3 Nf6 4. c4 Nbd7 5. Nc3 c6 6. Bd3 Be7 7. e4 dxe4 8. Nxe4 Nxe4 9. Bxe4 O-O 10. Bf4 Bb4+ 11. Kf1 h6 12. h4 Nf6 13. Bc2 b6 14. h5 Ba6 15. Qd3 Bd6 16. Bxd6 Qxd6 17. Ne5 Rfd8 18.
Rd1 c5 19. Rh4 Kf8 20. Rf4 Ke7 21. Qg3 cxd4 22. Nxf7 Bxc4+ 23. Kg1 Nxh5 24. Qh4+ g5 25. Nxg5 Qxf4 26. Qxh5 Qxg5 27. Qf3 d3 28. Bxd3 Bxd3 29. Rxd3 Rxd3 30. Qxd3 Rd8 31. Qh7+ Kf8 32. Qh8+ Kf7 33. Qh7+ Qg7 34. Qc2 Rd7 35. g3 Qg6 36. Qe2 Qf5 37. Kg2 Rd4 38. Qa6 Qe4+ 39. Kh2 Rd1 0-1

[Event "Early-Titled-Tuesday-Blitz-May-14-2024"]
[Site "Chess.com"]
[Date "2024.05.14"]
[Round "2"]
[White "Oleksandr_Bortnyk"]
[Black "Ginger_GM"]
[Result "1-0"]
[WhiteElo "3065"]
[BlackElo "2664"]
[TimeControl "180+1"]
[EndTime "8:18:15 PDT"]
[Termination "Oleksandr_Bortnyk won by resignation"]

1. e4 d6 2. d4 Nf6 3. Nc3 Nbd7 4. f4 e5 5. Nf3 exd4 6. Qxd4 c6 7. Bd2 d5 8. e5 Bc5 9. Qd3 Ng4 10. Nd4 Ndxe5 11. fxe5 Nxe5 12. Qg3 Bxd4 13. Ne2 Bxb2 14.
Rb1 Qb6 15. Nc3 O-O 16. Na4 Qd4 17. Nxb2 Re8 18. Kd1 Bg4+ 19. Kc1 Nc4 20. Nxc4 dxc4 21. Bc3 Qe3+ 22. Qxe3 Rxe3 23. Bd2 Re4 24. Rxb7 Rd8 25. h3 Bf5 26. g4 Bg6 27. Rh2 h5 28.
gxh5 Bxh5 29. Rf2 Bg6 30. Bg2 Red4 31. Bc3 Rd1+ 32. Kb2 c5 33. Rxa7 R1d6 34. Ra8 Rb6+ 35. Kc1 Rxa8 36. Bxa8 Ra6 37. Bd5 Rxa2 38. Rg2 Kh7 39. Rg4 Ra3 40. Rh4+ Kg8 41. Rxc4 1-0

[Event "Early-Titled-Tuesday-Blitz-May-14-2024"]
[Site "Chess.com"]
[Date "2024.05.14"]
[Round "2"]
[White "francyIM"]
[Black "Kazmin_Semyon"]
[Result "1-0"]
[WhiteElo "2875"]
[BlackElo "2599"]
[TimeControl "180+1"]
[EndTime "8:18:15 PDT"]
[Termination "francyIM won by resignation"]

1. e4 e6 2. d4 d5 3. Nc3 Bb4 4. e5 c5 5. a3 Bxc3+ 6. bxc3 Qa5 7. Bd2 Qa4 8. h4 Ne7 9. h5 h6 10. Nf3 b6 11. Rh4 c4 12. Rg4 Nf5 13. Nh4 Nxh4 14.
Rxh4 Nc6 15. Rg4 Rh7 16. Ra2 Ne7 17. Qb1 Nc6 18. Be2 Bd7 19. Kf1 O-O-O 20. Rg3 Rg8 21.
Kg1 g5 22. f4 Ne7 23. fxg5 Nf5 24. Rg4 Rhg7 25. gxh6 Rxg4 26. Bxg4 Nxh6 27. Bh3 Nf5 28. h6 Rh8 29. Qc1 Ng3 30. Kh2 Ne4 31. Be1 Qb5 32.
a4 Qc6 33. a5 b5 34. a6 f6 35. Qf4 fxe5 36. Qxe5 Rxh6 37. Qg7 Rf6 38. Bh4 Qd6+ 39. Kg1 Rf4 40. Be7 Rf1+ 41. Kxf1 Qf4+ 42. Kg1 Qc1+ 43. Kh2 Qf4+ 44. g3 Qf2+ 45. Bg2 Nd2 46. Qf8+ Kc7 47. Qxf2 1-0

[Event "Early-Titled-Tuesday-Blitz-May-14-2024"]
[Site "Chess.com"]
[Date "2024.05.14"]
[Round "2"]
[White "Hamisandwich"]
[Black "JERO-8914"]
[Result "1-0"]
[WhiteElo "2727"]
[BlackElo "2399"]
[TimeControl "180+1"]
[EndTime "8:18:15 PDT"]
[Termination "Hamisandwich won by resignation"]

1. b3 e5 2. Bb2 Nc6 3. c4 d6 4. g3 f5 5. Bg2 Nf6 6. Nf3 Be7 7. Nc3 O-O 8. O-O e4 9. Ne1 Be6 10. d3 exd3 11. Nxd3 Bf7 12. Nf4 Rb8 13. Ncd5 Nxd5 14. cxd5 Ne5 15. Rc1 Bf6 16. Qc2 Rc8 17. Qxf5 Nf3+ 18. Bxf3 Bxb2 19. Rc2 Be5 20. Ne6 Bxe6 21. Qxe6+ Kh8 22. Rfc1 Rf6 23. Qh3 Bd4 24. Rc4 Bc5 25.
b4 Bb6 26. Rh4 h6 27. Rcc4 Qf8 28. Rhf4 Re8 29. Kg2 a6 30. e3 a5 31. bxa5 Bxa5 32.
a4 Bb6 33. Bg4 Rxf4 34. Rxf4 Qe7 35. Be6 c6 36. Rf7 Qg5 37. Rxb7 Bxe3 38. fxe3 Qxe3 39.
Qg4 Qe5 40. Qf4 Qe2+ 41. Qf2 Qe4+ 42. Qf3 Qc2+ 43. Kh3 Qg6 44. Bf7 Qg5 45. Bxe8 1-0

[Event "Early-Titled-Tuesday-Blitz-May-14-2024"]
[Site "Chess.com"]
[Date "2024.05.14"]
[Round "2"]
[White "RedFirePanda"]
[Black "aljado"]
[Result "1/2-1/2"]
[WhiteElo "2465"]
[BlackElo "2145"]
[TimeControl "180+1"]
[EndTime "8:18:16 PDT"]
[Termination "Game drawn by repetition"]

1. d4 Nf6 2. Bf4 d5 3. e3 Bf5 4.
c3 c6 5. Nf3 Nbd7 6. h3 e6 7.
Nbd2 Be7 8. Be2 O-O 9. O-O Qb6 10. Qc1 c5 11. Re1 Ne4 12. Nxe4 Bxe4 13. Nd2 Bg6 14.
Bd1 Nf6 15. Bc2 Bxc2 16. Qxc2 cxd4 17. exd4 h6 18. Rab1 Bd6 19. Bxd6 Qxd6 20. Nf3 Ne4 21.
Ne5 Qe7 22. f3 Ng3 23. Qf2 Nf5 24. Nd3 Qg5 25. Kh2 Rae8 26. Re2 Nh4 27. Rbe1 Ng6 28. Nc5 Re7 29. Re3 b6 30. Nd3 Nf4 31. Nb4 Nh5 32. Re5 Qg6 33. Nxd5 Rd7 34. Nb4 a5 35. Nc2 Nf4 36. Na3 Nd3 37. Qe3 Nxe1 38. Qxe1 Qd3 39. Re3 Qf5 40. Re5 Qd3 41. Re3 Qf5 42. Re5 Qd3 1/2-1/2

[Event "Early-Titled-Tuesday-Blitz-May-14-2024"]
[Site "Chess.com"]
[Date "2024.05.14"]
[Round "2"]
[White "meoluoi91"]
[Black "lamomiajunior"]
[Result "1-0"]
[WhiteElo "2563"]
[BlackElo "2766"]
[TimeControl "180+1"]
[EndTime "8:18:17 PDT"]
[Termination "meoluoi91 won by resignation"]

1. d4 Nf6 2. c3 g6 3. Bg5 Bg7 4. Nd2 d5 5. e3 O-O 6. Bd3 c5 7. Ngf3 Nc6 8. O-O b6 9. Qe2 Bb7 10. Rad1 Qc7 11. Rfe1 Rfe8 12. Bf4 Qc8 13. h3 Nh5 14.
Bh2 e5 15. dxe5 Nxe5 16. Nxe5 Bxe5 17. Bxe5 Rxe5 18. Nf3 Nf4 19. Qf1 Nxd3 20. Qxd3 Re8 21. Nh2 h5 22. c4 dxc4 23. Qxc4 Qc6 24. f3 Rad8 25. Nf1 b5 26. Qc3 c4 27. e4 Qc5+ 28.
Kh1 b4 29. Qf6 Qc7 30. Ne3 c3 31. bxc3 bxc3 32. Rc1 Rd3 33. Nd1 Rc8 34. e5 c2 35.
Ne3 Rd2 36. e6 Ba6 37. e7 Re8 38. Nf5 gxf5 39. Qg5+ Kh8 40. Qxd2 Rxe7 41. Qh6+ Kg8 42. Rxe7 Qxe7 43. Qxa6 Qa3 44. Qxa3 1-0

[Event "Early-Titled-Tuesday-Blitz-May-14-2024"]
[Site "Chess.com"]
[Date "2024.05.14"]
[Round "2"]
[White "Aswathchess"]
[Black "Denis_Makhnyov"]
[Result "0-1"]
[WhiteElo "2652"]
[BlackElo "2993"]
[TimeControl "180+1"]
[EndTime "8:18:18 PDT"]
[Termination "Denis_Makhnyov won by resignation"]

1. c4 e5 2. g3 c6 3. Nf3 e4 4. Nd4 d5 5. cxd5 Qxd5 6. e3 Nf6 7. Nc3 Qe5 8. Bg2 Bc5 9. d3 exd3 10. Qxd3 O-O 11. O-O Rd8 12. Nf3 Qe7 13. Qe2 Bg4 14. b3 Qe6 15. Bb2 Nbd7 16. h3 Bh5 17. Rfd1 Bf8 18. g4 Bg6 19. Nh4 Nc5 20. Nxg6 hxg6 21. Rac1 a5 22. Qc4 Qxc4 23. bxc4 Re8 24. g5 Nfd7 25.
Ba3 f5 26. Rb1 Rab8 27. h4 Red8 28. f4 Kf7 29. Rb2 Ne6 30. Bxf8 Kxf8 31. Na4 Ndc5 32. Rxd8+ Rxd8 33. Nxc5 Nxc5 34. Bf3 Rd3 35. Kf2 Rc3 36. Be2 Ke7 37. Rd2 Ne4+ 38. Ke1 Nxd2 39. Kxd2 Ra3 40. Bd3 Rxa2+ 41. Kc3 Rh2 42. c5 Rxh4 43. Kb3 Rh3 44. Ka4 Rxe3 45. Bc2 Rc3 46. Bb3 Rxc5 0-1

[Event "Early-Titled-Tuesday-Blitz-May-14-2024"]
[Site "Chess.com"]
[Date "2024.05.14"]
[Round "2"]
[White "Mysterio47"]
[Black "Balla_Tamas"]
[Result "1-0"]
[WhiteElo "2790"]
[BlackElo "2548"]
[TimeControl "180+1"]
[EndTime "8:18:18 PDT"]
[Termination "Mysterio47 won by resignation"]

1. e4 c5 2. Nf3 Nc6 3. d4 cxd4 4. Nxd4 e5 5. Ne2 Bc5 6. Nbc3 Nf6 7. Ng3 h5 8. Be2 d6 9. O-O Nd4 10. Be3 h4 11. Nh1 h3 12. g3 Be6 13. f3 Qb6 14. Bf2 Qxb2 15. Na4 Qxa1 16. Nxc5 Qxd1 17. Bxd1 dxc5 18.
c3 Nc6 19. Bxc5 O-O-O 20. Nf2 Rd2 21. a4 Rhd8 22. Be3 Ra2 23. Re1 Na5 24. Bxa7 Nc4 25.
f4 exf4 26. gxf4 Rdd2 27. f5 Bd7 28. Bb3 Rxa4 29. Bxa4 Bxa4 30. Bd4 Bc6 31. e5 Nd5 32. e6 fxe6 33. fxe6 Kd8 34. Bxg7 Nd6 35. Bh6 Nf5 36. Bxd2 Ke7 37. Bg5+ Kd6 38. Nd3 Nxc3 39. e7 Ng7 40.
Bf4+ Kd7 41. Nc5+ Ke8 42. Be5 1-0

[Event "Early-Titled-Tuesday-Blitz-May-14-2024"]
[Site "Chess.com"]
[Date "2024.05.14"]
[Round "2"]
[White "Dewarfd"]
[Black "LangesNasenhaar"]
[Result "0-1"]
[WhiteElo "2053"]
[BlackElo "2461"]
[TimeControl "180+1"]
[EndTime "8:18:18 PDT"]
[Termination "LangesNasenhaar won on time"]

1. d4 g6 2. e3 Bg7 3. Nf3 b6 4. Be2 c5 5. O-O Bb7 6. c4 e6 7. Nbd2 d6 8. a3 Nf6 9. b4 cxd4 10. Nxd4 O-O 11. Bb2 Nc6 12. Nxc6 Bxc6 13. Bf3 Qc7 14.
Bxc6 Qxc6 15. Qf3 Rac8 16. Rac1 Rfd8 17. Rfd1 Qxf3 18. Nxf3 Kf8 19. h3 Ke7 20. g4 h6 21.
Kg2 g5 22. Bd4 Rd7 23. Nd2 Rdc7 24. f4 gxf4 25. exf4 d5 26. c5 Nxg4 27. hxg4 Bxd4 28. Nf3 bxc5 29. bxc5 Bxc5 30. f5 Bxa3 31. Rxc7+ Rxc7 32. fxe6 fxe6 33. Ra1 Bc5 34. Ne5 Bb6 35. Ng6+ Kf6 36. Nf4 Rc2+ 37. Kg3 Rc3+ 38. Kg2 Rc4 39. Rf1 Ke7 40. Ng6+ Kd6 41. Rf7 Rxg4+ 0-1

[Event "Early-Titled-Tuesday-Blitz-May-14-2024"]
[Site "Chess.com"]
[Date "2024.05.14"]
[Round "2"]
[White "TregubovP"]
[Black "hsd2016"]
[Result "1-0"]
[WhiteElo "2711"]
[BlackElo "2319"]
[TimeControl "180+1"]
[EndTime "8:18:19 PDT"]
[Termination "TregubovP won on time"]

1. e4 c5 2. Nf3 e6 3. c3 a6 4. d4 cxd4 5. cxd4 d5 6. e5 f6 7. Nc3 Nc6 8. Bd3 fxe5 9. Nxe5 Nf6 10. Nxc6 bxc6 11. O-O Bd6 12. Ne2 Qc7 13. g3 O-O 14.
Bf4 e5 15. dxe5 Bxe5 16. Qc2 Bh3 17. Rfe1 Rae8 18. Bxe5 Qxe5 19. Qc3 Qg5 20. Nf4 Bg4 21. Rxe8 Rxe8 22. Qxc6 Bf3 23. Bf1 Qe5 24. Qc3 Qe4 25.
Bd3 Qa4 26. Bxh7+ Nxh7 27. Qxf3 d4 28. h4 Nf6 29. b3 Qa5 30. a4 Qb4 31. Rd1 Rb8 32. Kg2 Qxb3 33. Qxb3+ Rxb3 34. Rxd4 Ra3 35. Ne6 Kf7 36. Nc5 a5 37. Nb7 Ra2 38. Nxa5 Ke6 39.
Nc6 Nd7 40. Rg4 1-0

[Event "Early-Titled-Tuesday-Blitz-May-14-2024"]
[Site "Chess.com"]
[Date "2024.05.14"]
[Round "2"]
[White "emiliocordova"]
[Black "valik3504"]
[Result "0-1"]
[WhiteElo "2891"]
[BlackElo "2537"]
[TimeControl "180+1"]
[EndTime "8:18:19 PDT"]
[Termination "valik3504 won by resignation"]

1. d4 Nf6 2. Bg5 d5 3. Nd2 e6 4. e3 Nbd7 5. c3 Bd6 6. Bd3 h6 7. Bh4 c6 8. Ngf3 Qc7 9. O-O O-O 10. e4 dxe4 11. Nxe4 Nxe4 12. Bxe4 b6 13. Qe2 Bb7 14.
Rad1 a5 15. Rfe1 Rfe8 16. Bd3 c5 17. Bb5 Bc6 18. Bxc6 Qxc6 19. Ne5 Bxe5 20. dxe5 Nf8 21. c4 Qc7 22. Rd6 Reb8 23. Red1 a4 24. Qd3 Qb7 25. Bd8 b5 26. Bb6 Ra6 27. Bxc5 bxc4 28. Qxc4 Ra5 29. Rd8 Raa8 30. Rxb8 Rxb8 31. Ba3 Ra8 32. h4 Ng6 33. Qd4 Qc7 34. Bd6 Qc2 35. h5 Nf4 36. Qd2 Qe4 37. f3 Qf5 38. g4 Qg5 39. Bc5 Nh3+ 40. Kg2 Nf4+ 41. Kg3 Nxh5+ 42. Kg2 Nf4+ 43. Kf1 Qxe5 44.
Bd6 Qb5+ 45. Kf2 Nd5 46. Qe2 Qb6+ 0-1

[Event "Early-Titled-Tuesday-Blitz-May-14-2024"]
[Site "Chess.com"]
[Date "2024.05.14"]
[Round "2"]
[White "gmcorrales"]
[Black "AlphaGoosee"]
[Result "1-0"]
[WhiteElo "2951"]
[BlackElo "2638"]
[TimeControl "180+1"]
[EndTime "8:18:20 PDT"]
[Termination "gmcorrales won by resignation"]

1. d4 d5 2. c4 dxc4 3. e3 Nf6 4. Nf3 e6 5. Bxc4 c5 6. O-O a6 7.
a4 Nc6 8. dxc5 Qc7 9. Nbd2 Bxc5 10. Nb3 Be7 11. Bd2 O-O 12. Rc1 e5 13. Na5 e4 14.
Nxc6 bxc6 15. Nd4 c5 16. Ne2 Bg4 17. h3 Bh5 18. Qc2 Bd6 19. Nf4 Bxf4 20. exf4 Bg6 21. Be3 Rfc8 22. Rfd1 Qb7 23. b3 Rab8 24. Qd2 h5 25. Qd6 Rc6 26. Qe5 Re8 27. Qc3 h4 28. Rd2 Bh5 29. Rcc2 Rb8 30. Qa5 Qc8 31. Qc3 Bf3 32.
Qe5 Ng4 33. Qh5 g6 34. Qg5 Nxe3 35. fxe3 Bh5 36. Rd5 Kg7 37. Rcd2 Rb7 38. Qxh4 Rb4 39. g4 Qb7 40. gxh5 Rxc4 41. bxc4 Qb3 42. h6+ Kh7 43. Kf2 Qxc4 44. Qe7 Kxh6 45. Qf8+ Kh7 46. Qxf7+ Kh6 47. Qf8+ Kh7 48. Rd7+ 1-0

[Event "Early-Titled-Tuesday-Blitz-May-14-2024"]
[Site "Chess.com"]
[Date "2024.05.14"]
[Round "2"]
[White "baki83"]
[Black "Hope_6"]
[Result "1-0"]
[WhiteElo "2948"]
[BlackElo "2628"]
[TimeControl "180+1"]
[EndTime "8:18:20 PDT"]
[Termination "baki83 won by resignation"]

1. e4 c5 2. Nf3 d6 3. Bb5+ Nd7 4.
O-O Nf6 5. Re1 e6 6. c3 Be7 7. d4 cxd4 8. cxd4 d5 9. e5 Ne4 10.
Nbd2 Nxd2 11. Bxd2 O-O 12. Rc1 Nb6 13. g3 Bd7 14. Bd3 a6 15. Qe2 Nc4 16. Bf4 Rc8 17. h4 Qa5 18. a3 Bb5 19. Bg5 Qd8 20. b3 Nb6 21. Rxc8 Nxc8 22. Bxb5 axb5 23. Qxb5 h6 24. Bxe7 Qxe7 25. b4 Na7 26. Qc5 Qxc5 27. dxc5 Ra8 28.
Nd4 Nc6 29. Nxc6 bxc6 30. Re3 Kf8 31. Kf1 Ke7 32. Ke2 f6 33. f4 fxe5 34. fxe5 Rf8 35.
a4 Ra8 36. Ra3 Kd7 37. a5 Ra7 38. Rf3 Ke7 39. Kd2 Ra8 40. Kc3 Ra7 41. Rf4 Ra8 42. h5 Rd8 43. Kb3 Rb8 44. Ka4 Rb7 45. a6 Rb8 46. b5 Rxb5 47. a7 Rb1 48. Rf3 1-0

[Event "Early-Titled-Tuesday-Blitz-May-14-2024"]
[Site "Chess.com"]
[Date "2024.05.14"]
[Round "2"]
[White "LoaySameer"]
[Black "GMthekingindian"]
[Result "1-0"]
[WhiteElo "2534"]
[BlackElo "2301"]
[TimeControl "180+1"]
[EndTime "8:18:21 PDT"]
[Termination "LoaySameer won on time"]

1. Nf3 d5 2. g3 g6 3. Bg2 Bg7 4. O-O Nf6 5. d3 O-O 6. c3 c5 7. Qa4 Nc6 8. Qh4 Re8 9. e4 d4 10. c4 a6 11. e5 Nd7 12. e6 fxe6 13. Ng5 Nf6 14. Re1 e5 15. Bd5+ e6 16. Bxc6 bxc6 17.
Rxe5 h6 18. Nf3 g5 19. Nxg5 hxg5 20. Bxg5 Rf8 21. Nd2 Qe8 22. Bxf6 Bxf6 23. Qg4+ Kf7 24. Rh5 Ke7 25. Ne4 Bd7 26. Nxc5 Rd8 27. Re1 e5 28.
Rh7+ Rf7 29. Qh5 Rxh7 30. Qxh7+ Qf7 31. Qe4 Bg7 32. f4 Kf8 33. Nxd7+ Qxd7 34. fxe5 Re8 35. Qh7 Re7 36. e6 Rxe6 37. Rf1+ Ke8 38. Qg8+ Ke7 39. Rf7+ Kd6 40. Rxd7+ Kxd7 41. Qxg7+ Re7 42. Qxd4+ 1-0

[Event "Early-Titled-Tuesday-Blitz-May-14-2024"]
[Site "Chess.com"]
[Date "2024.05.14"]
[Round "2"]
[White "szachmistrz2500"]
[Black "PonyQueen07"]
[Result "1/2-1/2"]
[WhiteElo "2460"]
[BlackElo "2132"]
[TimeControl "180+1"]
[EndTime "8:18:21 PDT"]
[Termination "Game drawn by stalemate"]

1. Nf3 d5 2. g3 Nf6 3. Bg2 Nc6 4.
O-O e5 5. d3 Bd6 6. Nbd2 Be6 7. e4 dxe4 8. Nxe4 Nxe4 9. dxe4 O-O 10.
Qe2 Bc5 11. Rd1 Qe7 12. c3 Rad8 13. Be3 h6 14. a4 a5 15. Nh4 Rxd1+ 16. Rxd1 Bxe3 17.
Qxe3 Rd8 18. Rxd8+ Qxd8 19. Bf3 b6 20. Nf5 Bxf5 21.
exf5 Qd6 22. Bxc6 Qxc6 23. Qxe5 Qxa4 24. Qxc7 Qd1+ 25. Kg2 Qd5+ 26. f3 Qxf5 27. Qxb6 a4 28. Qf2 Qd5 29. Qc2 Qc4 30. Qe4 Qb3 31. Qb4 Qc2+ 32.
Kh3 Qf5+ 33. Kg2 Qc2+ 34. Kg1 Qb1+ 35. Kf2 Qc2+ 36. Ke3 Qc1+ 37. Ke4 Qc2+ 38. Kf4 Qxh2 39. Qb8+ Kh7 40. Qb7 f6 41. Qe4+ Kg8 42. Kf5 Kh7 43. Ke6+ Kg8 44. Ke7 Qxb2 45. Qc4+ Kh7 46. Qxa4 Qxc3 47.
Qe4+ Kg8 48. g4 Qe5+ 49. Qxe5 fxe5 50. Ke6 Kf8 51. Kxe5 Kf7 52. Kf5 Ke7 53. Kg6 Kf8 54.
f4 Kg8 55. f5 Kf8 56. f6 gxf6 57. Kxf6 h5 58. gxh5 Kg8 59. Kg6 Kh8 60. h6 Kg8 61. h7+ Kh8 62. Kh6 1/2-1/2

[Event "Early-Titled-Tuesday-Blitz-May-14-2024"]
[Site "Chess.com"]
[Date "2024.05.14"]
[Round "2"]
[White "cristiano78"]
[Black "titledsquirrel2007"]
[Result "0-1"]
[WhiteElo "2260"]
[BlackElo "2517"]
[TimeControl "180+1"]
[EndTime "8:18:22 PDT"]
[Termination "titledsquirrel2007 won on time"]

1. d4 e6 2. c4 f5 3. Nc3 Nf6 4.
g3 d5 5. Bg2 c6 6. a4 Bd6 7. b3 Qe7 8. Nf3 O-O 9. O-O b6 10.
Qc2 a5 11. Ne5 Nfd7 12. Nxd7 Nxd7 13. Bb2 Ba6 14. Rfe1 Nf6 15. e3 Rac8 16. Bf1 Ne4 17. Nxe4 fxe4 18. c5 Bxf1 19. cxd6 Qxd6 20. Rxf1 Rf5 21.
Qe2 Qd7 22. Rac1 Rf3 23. Rc2 h5 24. Rfc1 h4 25. Bc3 hxg3 26. fxg3 Qf7 27. Be1 Qh5 28.
Qg2 Rcf8 29. Rxc6 Rxe3 30. R6c2 Ref3 31. Rf2 Rxf2 32. Bxf2 Qe2 33. Re1 Qd2 34. Qf1 Qc3 0-1

[Event "Early-Titled-Tuesday-Blitz-May-14-2024"]
[Site "Chess.com"]
[Date "2024.05.14"]
[Round "2"]
[White "gau248"]
[Black "Bauman_Guy"]
[Result "0-1"]
[WhiteElo "2601"]
[BlackElo "2889"]
[TimeControl "180+1"]
[EndTime "8:18:23 PDT"]
[Termination "Bauman_Guy won by resignation"]

1. c4 Nf6 2. Nc3 e6 3. g3 d5 4.
d4 c5 5. cxd5 cxd4 6. Qxd4 Nc6 7. Qd1 exd5 8. Bg2 d4 9. Ne4 Be7 10. Nxf6+ Bxf6 11. Nf3 O-O 12. O-O Re8 13. Bf4 Qb6 14.
Qd2 h6 15. h4 Bg4 16. Rfd1 Rad8 17. Rac1 Re7 18. b3 Rde8 19. e3 dxe3 20. Bxe3 Rxe3 21. fxe3 Rxe3 22. Qf2 Bxf3 23. Bxf3 Rxf3 24. Qxb6 axb6 25.
Kg2 Re3 26. Rc2 Be5 27. Rd7 Rxg3+ 28. Kf1 Rf3+ 29. Kg2 Rg3+ 30. Kf1 Bd4 31. Rxc6 Rg1+ 32. Ke2 bxc6 33. Rxd4 Rg2+ 34. Kd3 Rxa2 35. Rd6 Rh2 36. Rxc6 Rxh4 37. Rxb6 g5 38. b4 Kg7 39. Kc3 g4 40. Rd6 g3 41. Rd1 Rg4 42. b5 Rg6 43. b6 Rxb6 44. Rg1 Rg6 45. Kd3 h5 46. Ke3 h4 47. Kf3 Kh6 48. Kg2 Kg5 49. Ra1 Re6 50. Kh3 f5 51. Ra5 Re1 52. Rb5 Rh1+ 53. Kg2 Rh2+ 54.
Kg1 Kg4 55. Rb8 Rc2 56. Rb3 h3 57. Kf1 h2 58. Rb4+ f4 0-1

[Event "Early-Titled-Tuesday-Blitz-May-14-2024"]
[Site "Chess.com"]
[Date "2024.05.14"]
[Round "2"]
[White "bubeliang"]
[Black "mistrzemi"]
[Result "1-0"]
[WhiteElo "2855"]
[BlackElo "2435"]
[TimeControl "180+1"]
[EndTime "8:18:24 PDT"]
[Termination "bubeliang won on time"]

1. e4 e5 2. Nf3 Nc6 3. Bc4 Nf6 4.
d3 Be7 5. O-O O-O 6. c3 d6 7.
Re1 Kh8 8. h3 Ng8 9. d4 f5 10.
dxe5 fxe4 11. Rxe4 dxe5 12. Qxd8 Rxd8 13. Re1 Nf6 14.
Ng5 Na5 15. Be6 Bxe6 16. Nxe6 Rd7 17. Be3 Nc6 18. Ng5 h6 19. Nf3 Nd5 20. Nbd2 Nxe3 21. Rxe3 Bc5 22. Re2 Rad8 23. Ne4 Be7 24. Rae1 Kg8 25. g4 Kf7 26. Kg2 g6 27. Nfd2 Bf8 28. a4 b6 29. Nc4 a5 30. Ned2 Bg7 31. Ne4 Bf8 32. Re3 Bg7 33. R1e2 Rd1 34. Ng3 Ra1 35. Re4 Rad1 36. Na3 R8d7 37. Nb5 Bf8 38. Rc4 Bc5 39. Ne4 R1d5 40. Nxc5 Rxc5 41. Rxc5 bxc5 42. Na3 Ke6 43. Nc4 Rd8 44. f4 Kd5 45. Nxe5 Nxe5 46. Rd2+ 1-0

[Event "Early-Titled-Tuesday-Blitz-May-14-2024"]
[Site "Chess.com"]
[Date "2024.05.14"]
[Round "2"]
[White "chessburger_tv"]
[Black "KnightDuta"]
[Result "1-0"]
[WhiteElo "2398"]
[BlackElo "2717"]
[TimeControl "180+1"]
[EndTime "8:18:25 PDT"]
[Termination "chessburger_tv won by checkmate"]

1. c4 e5 2. g3 Nc6 3. Bg2 Bc5 4.
Nc3 a6 5. e3 d6 6. Nge2 Ba7 7.
O-O h5 8. h3 h4 9. g4 f5 10.
gxf5 Bxf5 11. Kh2 Nf6 12. f4 e4 13. Nd5 Nxd5 14. cxd5 Ne7 15. Bxe4 Qd7 16. Bg2 O-O-O 17.
e4 Bh7 18. d4 Rde8 19. f5 Rhf8 20. Bg5 Qb5 21. Rc1 Qxb2 22. Nf4 Bg8 23. Rc4 b5 24. Nd3 Qxa2 25. Rc2 Qa4 26. Qc1 Bb6 27. Be3 Nxd5 28.
Bf2 Nf6 29. d5 Qa5 30. Nb4 Bxf2 31. Rfxf2 Rf7 32. Nc6 Qb6 33. Ra2 Nxe4 34. Rfe2 Nf6 35. Qa1 Rxe2 36. Rxe2 Rd7 37. Qxf6 Qxc6 38. Re8+ Rd8 39.
Qxd8+ Kb7 40. Qb8# 1-0

[Event "Early-Titled-Tuesday-Blitz-May-14-2024"]
[Site "Chess.com"]
[Date "2024.05.14"]
[Round "2"]
[White "jankarsten"]
[Black "MiguelBestard1981"]
[Result "1-0"]
[WhiteElo "2634"]
[BlackElo "2334"]
[TimeControl "180+1"]
[EndTime "8:18:25 PDT"]
[Termination "jankarsten won by checkmate"]

1. Nf3 d5 2. g3 Bf5 3. Bg2 e6 4. O-O h6 5. d3 Nf6 6. Nfd2 Be7 7.
e4 Bh7 8. Nc3 O-O 9. f4 c5 10.
Qe2 Nc6 11. e5 Nd7 12. Nf3 a5 13. a4 Nd4 14. Qf2 Nxf3+ 15. Bxf3 f6 16. exf6 Nxf6 17. Re1 Ra6 18. b3 Nd7 19. Bb2 Bf6 20. Kg2 Nb8 21. Re2 Nc6 22. Rxe6 Nd4 23. Rxa6 bxa6 24. Nxd5 Nxf3 25.
Nxf6+ Rxf6 26. Qxf3 Re6 27. Kf2 Qd6 28. Re1 Bg6 29. f5 Rxe1 30. Kxe1 Be8 31. Qe4 Bc6 32.
Qe6+ Qxe6+ 33. fxe6 Kf8 34. e7+ Kxe7 35. Bxg7 h5 36. Bc3 Ke6 37. Bxa5 Bf3 38. Kd2 Kd5 39. Bd8 Bg4 40. c4+ Kc6 41. Kc3 Bd1 42. a5 Kd7 43. Bb6 Kc6 44. b4 cxb4+ 45. Kxb4 Be2 46. d4 Bf1 47.
d5+ Kd7 48. Kc5 Be2 49. Kd4 Bf1 50. c5 Bb5 51. c6+ Kd6 52. Bc5+ Kc7 53. Bb4 Be2 54. Kc5 Bg4 55. d6+ Kb8 56. d7 Kc7 57. Bd2 Bf3 58. Bf4+ Kd8 59. Bg5+ Kc7 60. d8=Q# 1-0

[Event "Early-Titled-Tuesday-Blitz-May-14-2024"]
[Site "Chess.com"]
[Date "2024.05.14"]
[Round "2"]
[White "Szachulec75"]
[Black "rollercoaster29"]
[Result "1-0"]
[WhiteElo "2129"]
[BlackElo "2450"]
[TimeControl "180+1"]
[EndTime "8:18:25 PDT"]
[Termination "Szachulec75 won on time"]

1. Nf3 Nf6 2. g3 c5 3. Bg2 g6 4.
O-O Bg7 5. d3 Nc6 6. e4 d6 7. a4 O-O 8. Nc3 Rb8 9. Bg5 a6 10.
Qd2 b5 11. Bh6 Ng4 12. Bxg7 Kxg7 13. h3 Nf6 14. Nh4 e5 15. axb5 axb5 16. Nd1 Nh5 17. Ne3 Be6 18. Qd1 Nf4 19. gxf4 Qxh4 20. f5 Bd7 21. c3 Kh8 22. Kh2 Qf4+ 23. Kh1 gxf5 24. exf5 Ne7 25. f6 Qxf6 26. Qh5 Rg8 27. Ra7 Rg5 28.
Qh4 Ng6 29. Qe4 Be6 30. Ra8 Rxa8 31. Qxa8+ Kg7 32. Qe4 Nf4 33. Rg1 Qh6 34. Qf3 Bxh3 35.
Bxh3 Nxh3 36. Nf5+ Kf8 37. Nxh6 Rxg1+ 38. Kh2 Ng5 39.
Qf5 Kg7 40. Ng4 1-0

[Event "Early-Titled-Tuesday-Blitz-May-14-2024"]
[Site "Chess.com"]
[Date "2024.05.14"]
[Round "2"]
[White "LileKoridze"]
[Black "GoltsevDmitry2000"]
[Result "1-0"]
[WhiteElo "2418"]
[BlackElo "2734"]
[TimeControl "180+1"]
[EndTime "8:18:26 PDT"]
[Termination "LileKoridze won by checkmate"]

1. d4 e6 2. c4 d5 3. Nf3 dxc4 4. g3 c5 5. Bg2 Nc6 6. Qa4 cxd4 7. Nxd4 Qxd4 8.
Bxc6+ Bd7 9. Bxd7+ Qxd7 10. Qxc4 Rc8 11. Qf4 Bb4+ 12. Nc3 Bxc3+ 13. bxc3 Rxc3 14. Bb2 g5 15. Qd2 Qc6 16. O-O Rc2 17. Qxg5 Rxb2 18. Qg7 Rxe2 19.
Qxh8 Kf8 20. Qxh7 Qf3 21. Qh4 Nf6 22. Rad1 Ke7 23. Qb4+ Ke8 24. Rc1 Nd5 25. Qxb7 Kf8 26. Qb8+ Kg7 27. Rc8 Ne3 28. Rg8+ Kf6 29. Qd8+ Ke5 30.
Rg5+ f5 31. Qh8+ Kd6 32. Qd4+ Kc6 33. Rc1+ Rc2 34. Rxc2+ Nxc2 35. Qc4+ Kd6 36. Qxc2 Ke7 37. Qc7+ Kf6 38. Qg7# 1-0

[Event "Early-Titled-Tuesday-Blitz-May-14-2024"]
[Site "Chess.com"]
[Date "2024.05.14"]
[Round "2"]
[White "Levanzovsky"]
[Black "AradNazari"]
[Result "0-1"]
[WhiteElo "2560"]
[BlackElo "2812"]
[TimeControl "180+1"]
[EndTime "8:18:28 PDT"]
[Termination "AradNazari won on time"]

1. e4 c5 2. Nf3 d6 3. d4 cxd4 4.
Nxd4 Nf6 5. Nc3 a6 6. Be2 e5 7. Nb3 Be7 8. Be3 O-O 9. g4 Be6 10. g5 Nfd7 11. h4 Nc6 12. Qd2 b5 13. O-O-O Nb6 14. Kb1 Nc4 15. Bxc4 bxc4 16. Nc1 Rb8 17. N1e2 Qc8 18. Ka1 Qb7 19. Rb1 Nb4 20. f4 Bg4 21.
a3 a5 22. Ng3 Rfd8 23. h5 d5 24. exd5 Nxd5 25. Nxd5 Rxd5 26. Qc3 Bb4 27. Qxc4 Be6 28. f5 Bd7 29. g6 Bb5 30. Qb3 Rc8 31. Rh4 Be7 32. gxf7+ Kf8 33. c4 a4 34. Qc3 Bxh4 35.
Ne4 Rxc4 36. Qa5 Rxe4 37. Bd2 Kxf7 0-1

[Event "Early-Titled-Tuesday-Blitz-May-14-2024"]
[Site "Chess.com"]
[Date "2024.05.14"]
[Round "2"]
[White "laysa_latifah"]
[Black "ernestina08chess"]
[Result "1-0"]
[WhiteElo "2531"]
[BlackElo "2291"]
[TimeControl "180+1"]
[EndTime "8:18:28 PDT"]
[Termination "laysa_latifah won by resignation"]

1. e4 c5 2. Nf3 d6 3. c3 Nf6 4.
h3 Nc6 5. Bd3 e6 6. O-O Be7 7.
Bc2 O-O 8. d4 cxd4 9. cxd4 Nb4 10. Nc3 Nxc2 11. Qxc2 b6 12. e5 dxe5 13. dxe5 Nd5 14.
Nxd5 Qxd5 15. Rd1 Qc5 16. Qe4 Rb8 17. Bg5 Bb7 18. Qh4 Bxg5 19. Nxg5 h6 20. Ne4 Qxe5 21. Nc3 Rbc8 22. Rd7 Rc7 23. Qe7 Rxd7 24. Qxd7 Ba8 25. Qd3 Qg5 26. f3 Qc5+ 27. Kh1 Rc8 28. Rd1 Bc6 29.
a3 Qe7 30. Ne2 Rc7 31. Nd4 Bd5 32. Nb5 Rd7 33. Qc2 Qd8 34. Rc1 a6 35. Nc3 Rc7 36.
Qd3 Qc8 37. Rd1 Rd7 38. Qd4 b5 39. Qb6 Qd8 40. Qxa6 Kh7 41. Qxb5 Rb7 42. Qxb7 1-0